 Dungeon Crawl Stone Soup version 0.25.0-15-gac7dcb8 (webtiles) character file.

Game seed: 15166350128004805754

33 shmeve the Skirmisher (level 3, -1/33 HPs)
             Began as a Minotaur Berserker on June 28, 2020.
             Was a Follower of Trog.
             Slain by a phantom (7 damage)
             ... on level 2 of the Dungeon.
             The game lasted 00:01:36 (1255 turns).

shmeve the Skirmisher (Minotaur Berserker)          Turns: 1255, Time: 00:01:37

Health: -1/33      AC:  2    Str: 21    XL:     3   Next: 12%
Magic:  2/2        EV: 12    Int:  5    God:    Trog [*.....]
Gold:   51         SH:  0    Dex:  9    Spells: 2/2 levels left

rFire    . . .     SeeInvis .   a - +0 hand axe
rCold    . . .     Gourm    .   (no shield)
rNeg     . . .     Faith    .   b - +0 animal skin
rPois    .         Spirit   .   (helmet restricted)
rElec    .         Reflect  .   (no cloak)
rCorr    .         Harm     .   (no gloves)
MR       .....                  (no boots)
Stlth    +.........             (no amulet)
HPRegen  0.11/turn              (no ring)
MPRegen  0.08/turn              (no ring)

@: berserk cooldown, slowed, very slow
A: retaliatory headbutt, horns 2
a: Berserk, Renounce Religion


You were on level 2 of the Dungeon.
You worshipped Trog.
Trog was aware of your devotion.
You were hungry.

You visited 1 branch of the dungeon, and saw 2 of its levels.

You collected 51 gold pieces.

Inventory:

Hand Weapons
 a - a +0 hand axe (weapon)
Missiles
 i - 8 silver boomerangs (quivered)
Armour
 b - a +0 animal skin (worn)
Scrolls
 d - a scroll of fog {unknown}
 f - a scroll of immolation {unknown}
 g - a scroll of blinking {unknown}
 h - a scroll of random uselessness {unknown}
 k - a scroll of teleportation {unknown}
Potions
 e - a potion of invisibility {unknown}
 j - 2 potions of lignification {unknown}
 l - a potion of haste {unknown}
Comestibles
 c - 3 rations


   Skills:
 * Level 4.2 Fighting
 * Level 4.1 Axes
 + Level 0.7 Throwing
 + Level 2.7 Armour
 + Level 2.5 Dodging


You had 2 spell levels left.
You didn't know any spells.
Your spell library was empty.

Dungeon Overview and Level Annotations

Branches:
Dungeon (2/15)

Altars:


Innate Abilities, Weirdness & Mutations

You reflexively headbutt those who attack you in melee.
You have a pair of horns on your head.


Message History

Aim: a phantom You throw a silver boomerang.
The silver boomerang closely misses the phantom.
The phantom barely misses you. You furiously retaliate!
You headbutt the phantom!
Throwing (i - inventory)
i - 8 silver boomerangs (quivered)
Press: ? - help, Shift-Dir - straight line, f/p - phantom
Aim: a phantom (moderately damaged)
You throw a silver boomerang.
The silver boomerang barely misses the phantom.
The phantom misses you.
You slash the phantom!
The phantom is severely damaged.
The phantom hits you.
* * * LOW HITPOINT WARNING * * *
The phantom hits you but does no damage.
You closely miss the phantom.
The phantom is severely damaged.
The phantom hits you!
You die...

##########.##.# ###
#...........#.# ....
#.########..#.#
#..##.########..#.#
#..........รท......#
# ##.####.####.###
#.#...###.# .#
#...#.W...# .#
###..@##### .# ##.##
.# #( .# ##


You could see a phantom.

Vanquished Creatures
  An ooze (D:1)
  2 worms (D:2)
  A leopard gecko (D:1)
  3 bats (D:1)
  4 giant cockroaches
  2 goblins (D:1)
  4 kobolds (D:1)
  2 frilled lizards (D:1)
  5 rats
24 creatures vanquished.

Notes
Turn   | Place    | Note
-------+----------+-------------------------------------------
     0 | D:1      | shmeve the Minotaur Berserker began the quest for the Orb.
     0 | D:1      | Reached XP level 1. HP: 19/19 MP: 0/0
   498 | D:1      | Reached XP level 2. HP: 18/27 MP: 1/1
  1158 | D:2      | Reached XP level 3. HP: 29/33 MP: 2/2
  1226 | D:2      | Noticed a phantom
  1255 | D:2      | Slain by a phantom

Illustrated notes

Levels and vault maps discovered:
D:1:      tarquinn_simple_flora_water_e, layout_loops_ring
D:2:      wander_river, layout_loops_ring, overflow_temple_1_default,
          minmay_tetromino_o4, uniq_robin, uniq_crazy_yiuf_cottage

Skill      XL: |  1  2 |
---------------+-------+-----
Fighting       | 4 |  4.2
Axes           | 4 |  4.1
Throwing       | |  0.7
Armour         | |  2.7
Dodging        | |  2.5

Action                   || total
-------------------------++-------
Melee: Hand axe          ||    56
       Headbutt          ||     9
Throw: Boomerang         ||     3
Invok: Berserk           ||     1
  Eat: Chunk             ||     1
Armor: Animal skin       ||     7
Dodge: Dodged            ||    38
